 Dungeon Crawl Stone Soup version 0.32-a0-933-ga8fa3634e4 (webtiles) character file.

Game seed: 5629414174969458931

529 runemasterragnar the Charlatan (level 7, 0/58 HPs)
             Began as a Coglin Artificer on Apr 14, 2024.
             Succumbed to a water moccasin's poison
             ... on level 4 of the Dungeon.
             The game lasted 00:03:37 (3379 turns).

runemasterragnar the Charlatan (Coglin Artificer)   Turns: 3379, Time: 00:03:37

Health: 0/58       AC:  6    Str: 19    XL:     7   Next: 24%
Magic:  7/7        EV: 10    Int: 16    God:
Gold:   156        SH:  0    Dex: 14    Spells: 6/6 levels left

rFire   . . .        A - +8 mace "Ogreslayer" {freeze, *Noise Str+4 Int+6}
rCold   . . .        i - +1 dagger (venom) {Ana}
rNeg    . . .        b - +0 leather armour
rPois   .            y - +2 helmet
rElec   .            (no cloak)
rCorr   .            (no gloves)
SInv    .            (no boots)
Will    .....        (amulet unavailable)
Stlth   +            (ring unavailable)
HPRegen 0.29/turn    (ring unavailable)
MPRegen 0.10/turn    (no gizmo)

%: no passive effects
@: lethally poisoned (0 -> -16), revving
A: off-hand wielding, slow wielding, warmup strikes, no jewellery
a: Invent Gizmo


You were on level 4 of the Dungeon.
You visited 1 branch of the dungeon, and saw 4 of its levels.

You collected 156 gold pieces.

Inventory:

Hand Weapons
 a - a +0 club {Xiuying}
 f - a +0 dagger {Ku-aya}
 h - a +0 short sword {Ming}
 i - a +1 dagger of venom (offhand) {Ana}
 u - a +0 sling
 x - a +0 sling
 A - the +8 mace "Ogreslayer" (weapon) {freeze, *Noise Str+4 Int+6}
   (You found it on level 4 of the Dungeon)

   Str+4:     It affects your strength (+4).
   Int+6:     It affects your intelligence (+6).
   *Noise:    It may make a loud noise when swung.
Armour
 b - a +0 leather armour (worn)
 w - a +1 hat
 y - a +2 helmet (worn)
Wands
 c - a wand of flame (26) (quivered)
 d - a wand of charming (14)
 e - a wand of iceblast (4)
Scrolls
 g - 3 scrolls of identify {unknown}
 k - 4 scrolls of blinking {unknown}
 n - a scroll of fear {unknown}
 p - a scroll of brand weapon {unknown}
 q - 2 scrolls of teleportation {unknown}
 s - a scroll of immolation {unknown}
 t - a scroll of torment {unknown}
 v - a scroll of poison {unknown}
 z - a scroll of noise {unknown}
Potions
 j - a potion of lignification
 l - a potion of resistance {unknown}
 m - a potion of curing {unknown}
 o - a potion of heal wounds {unknown}
 r - a potion of magic {unknown}


   Skills:
 * Level 6.0 Fighting
 - Level 1.7 Armour
 - Level 0.8 Dodging
 - Level 0.7 Stealth
 + Level 7.0 Evocations


You had 6 spell levels left.
You didn't know any spells.
Your spell library contained the following spells:

 Spells                   Type           Power      Damage    Failure   Level
 Ensorcelled Hibernation  Hex/Ice        0%         N/A       41%         2
 Passwall                 Erth           0%         N/A       65%         3
 Swiftness                Air            0%         N/A       65%         3


Dungeon Overview and Level Annotations

Branches:
Dungeon (4/15)
 Temple: D:4-7

Altars:
Gozag
Sif Muna

Annotations:
D:3 3 runed translucent doors, INTERFACE0's ghost, amateur OnCA


Innate Abilities, Weirdness & Mutations

You can wield a second weapon in your off-hand.
It takes a long time for you to wield or remove held weapons.
Your first few attacks do less damage.
You cannot equip rings or amulets.


Message History

You sock the water moccasin with the +8 mace "Ogreslayer"!
You freeze the water moccasin.
The water moccasin is severely wounded.
You miss the water moccasin with your +1 dagger of venom.
You feel very sick. The water moccasin bites you.
Unknown command.
You hit the water moccasin with your +1 dagger of venom.
The water moccasin is severely wounded.
You closely miss the water moccasin with the +8 mace "Ogreslayer".
You feel very sick. The water moccasin bites you.
You are more poisoned.
The water moccasin poisons you!
The water moccasin bites you but does no damage.
You hit the water moccasin but do no damage.
The water moccasin is poisoned.
The water moccasin is severely wounded.
You closely miss the water moccasin with the +8 mace "Ogreslayer".
You feel extremely sick. The water moccasin bites you. x2
You are lethally poisoned!
The water moccasin poisons you!
You hit the water moccasin with your +1 dagger of venom.
The water moccasin is almost dead.
You thump the water moccasin with the +8 mace "Ogreslayer"!
The water moccasin seems to slow down.
You freeze the water moccasin.
You kill the water moccasin!
* * * LOW HITPOINT WARNING * * *
You feel extremely sick.
Your Fighting skill increases to level 6!
Your Evocations skill increases to level 7!
You have reached level 7!
Your brain swirls with designs for a secondary transmogrifier.
You just need some more time...
Okay, then.
* * * LOW HITPOINT WARNING * * *
You feel extremely sick.
* * * LOW HITPOINT WARNING * * *
You feel very sick.
You die...

####..................
#.....................
#.###.................
# ###.................
#..##.###...........
#.. #.# ############
#.. #.# # #..##.# #
#.†@.[# . ##.#..# ##
...#..# # #.####..# #
#..# #... ...## .###


There were no monsters in sight!

Vanquished Creatures
  Sigmund (D:2)
  A water moccasin (D:4)
  A scorpion (D:3)
  Jessica (D:3)
  Natasha (thrice) (D:3)
  Robin (D:2)
  5 adders
  A dart slug (D:2)
  A ribbon worm (D:3)
  6 bats
  5 endoplasms
  4 giant cockroaches
  15 goblins
  3 hobgoblins (D:2)
  2 jackals (D:3)
  2 quokkas
  3 ball pythons
  A frilled lizard (D:2)
  3 kobolds
  6 rats
65 creatures vanquished.

Notes
Turn   | Place    | Note
-------+----------+-------------------------------------------
     0 | D:1      | runemasterragnar the Coglin Artificer began the quest for
                  | the Orb.
     0 | D:1      | Reached XP level 1. HP: 15/15 MP: 1/1
   105 | D:1      | Reached XP level 2. HP: 13/21 MP: 2/2
   799 | D:2      | Reached XP level 3. HP: 18/28 MP: 3/3
  1065 | D:2      | Reached XP level 4. HP: 29/35 MP: 4/4
  1233 | D:2      | Noticed Robin
  1236 | D:2      | Reached skill level 5 in Evocations
  1259 | D:2      | Killed Robin
  1627 | D:2      | Noticed Sigmund
  1635 | D:2      | Killed Sigmund
  1636 | D:2      | Reached skill level 6 in Evocations
  1636 | D:2      | Reached XP level 5. HP: 43/43 MP: 5/5
  1636 | D:2      | Reached XP level 6. HP: 49/49 MP: 6/6
  1994 | D:3      | Noticed Natasha
  2007 | D:3      | Killed Natasha
  2008 | D:3      | Reached skill level 5 in Fighting
  2244 | D:3      | Noticed Natasha
  2252 | D:3      | Killed Natasha
  2490 | D:3      | Found a shimmering blue altar of Sif Muna.
  2504 | D:3      | Noticed Natasha
  2521 | D:3      | Killed Natasha
  2545 | D:3      | Found a runed translucent gate.
  2546 | D:3      | Found a runed translucent gate.
  2546 | D:3      | Found an opulent altar of Gozag.
  2546 | D:3      | Noticed Jessica
  2547 | D:3      | Found a runed translucent gate.
  2550 | D:3      | Killed Jessica
  2885 | D:3      | Noticed INTERFACE0's ghost (amateur OnCA)
  3333 | D:4      | Identified the +8 mace "Ogreslayer" {freeze, *Noise Str+4
                  | Int+6}
  3368 | D:4      | Noticed a water moccasin
  3376 | D:4      | Killed a water moccasin
  3377 | D:4      | Reached skill level 7 in Evocations
  3377 | D:4      | Reached XP level 7. HP: 15/58 MP: 7/7
  3379 | D:4      | Succumbed to a water moccasin's poison

Illustrated notes

Levels and vault maps discovered:
D:1:      mainiacjoe_arrival_oval_in_oval, layout_loops_cross
D:2:      layout_loops_corners, uniq_robin, uniq_sigmund
D:3:      layout_basic, mainiacjoe_overflow_paths, ebering_ghost_gozag,
          uniq_natasha, uniq_jessica
D:4:      layout_basic

Skill      XL: |  1  2  3  4  5  6 |
---------------+-------------------+-----
Fighting       | 2 3 4 6 |  6.0
Evocations     | 6 7 |  7.0
Armour         | |  1.7
Dodging        | |  0.8
Stealth        | |  0.7

Action                     |  1- 3 |  4- 6 |  7- 9 || total
---------------------------+-------+-------+-------++-------
  Melee: Dagger            |    50 |    86 |       ||   136
         Club              |    10 |       |       ||    10
         Short sword       |    40 |    78 |       ||   118
         Mace              |       |     6 |       ||     6
  Evoke: Wand              |       |     4 |       ||     4
    Use: Potion            |       |     1 |       ||     1
   Stab: Sleeping          |     3 |     1 |       ||     4
         Distracted        |     1 |       |       ||     1
 Armour: Leather armour    |    33 |    66 |       ||    99
         Skin              |       |     7 |       ||     7
  Dodge: Dodged            |    29 |    40 |       ||    69

Table legend: (Time is in decaauts)
 A = Elapsed time spent in this place.
 B = Non-inter-level travel time spent in this place.
 C = Inter-level travel time spent in this place.
 D = Time resting spent in this place.
 E = Time spent auto-exploring this place.
 F = Levels seen in this place.
 G = Mean time per level.
                   A        B        C        D        E       F      G
               +--------+--------+--------+--------+--------+-----+--------+
         Total |   3386 |   3221 |    165 |    857 |   1898 |   4 |  846.5 |
       Dungeon |   3386 |   3221 |    165 |    857 |   1898 |   4 |  846.5 |
               +--------+--------+--------+--------+--------+-----+--------+

Top non-repeatable levels by time:
     D:2: 1313 daAuts
     D:3: 1222 daAuts
     D:1: 748 daAuts
     D:4: 102 daAuts
